[Event "Titled Tuesday Blitz August 1 Early 2023"]
[White "Vafin, Ayrat"]
[Black "Romero Pallares, Daniel"]
[WhiteFideId "4146530"]
[BlackFideId "32025637"]
[WhiteElo "2247"]
[BlackElo "2457"]
[Result "0-1"]
[Round "8"]
[TimeControl "180+1"]
[Date "2023.08.01"]
[WhiteClock "0:00:16"]
[BlackClock "0:01:20"]
[Board "147"]

1. Nf3 g6 2. g3 Bg7 3. d4 Nf6 4. Bg2 O-O 5. O-O d6 6. c4 c6 7. Nc3 Bf5 8. Bg5 Ne4 9. Nxe4 Bxe4 10. b3 h6 11. Be3 Nd7 12. Bh3 Bxf3 13. exf3 e6 14. d5 exd5 15. cxd5 Bxa1 16. Qxa1 Kh7 17. dxc6 bxc6 18. Qc1 c5 19. Bxh6 Re8 20. Bg5 Qc7 21. Qf4 f5 22. Qh4+ Kg8 23. g4 Ne5 24. Bg2 Qf7 25. f4 Nxg4 26. Bxa8 Rxa8 27. h3 Kg7 28. hxg4 Rh8 29. Qg3 Qd5 30. Qc3+ Kg8 31. Qc4 Rh1# 0-1


[Site "https://www.chess.com"]

[Event "Titled Tuesday Blitz August 1 Early 2023"]
[White "Kazakov, Mikhail"]
[Black "Preobrazhenska_D2011"]
[WhiteFideId "14102749"]
[WhiteElo "2446"]
[BlackElo "2129"]
[Result "1-0"]
[Round "8"]
[TimeControl "180+1"]
[Date "2023.08.01"]
[WhiteClock "0:00:14"]
[BlackClock "0:00:00"]
[Board "148"]

1. e4 c5 2. Nf3 d6 3. g3 Nc6 4. Bg2 Nf6 5. Nc3 g6 6. O-O Bg7 7. Re1 O-O 8. h3 Bd7 9. d3 Nd4 10. Nxd4 cxd4 11. Ne2 e5 12. c3 dxc3 13. bxc3 Bc6 14. f4 Qc7 15. Be3 Nh5 16. d4 Qa5 17. fxe5 dxe5 18. d5 Ba4 19. Qb1 Qc7 20. Qb4 Bd7 21. c4 a5 22. Qb3 f5 23. c5 Kh8 24. Rac1 f4 25. gxf4 exf4 26. Bd4 f3 27. Bxg7+ Kxg7 28. Bxf3 Nf4 29. Qc3+ Kg8 30. d6 Nxh3+ 31. Kh2 Qd8 32. e5 Qh4 33. Bd5+ Kg7 34. e6+ Kh6 35. Qxh3 Rf2+ 36. Bg2 Qxh3+ 37. Kxh3 Bxe6+ 38. Kg3 Raf8 39. Nd4 Bxa2 40. Bf3 Rb2 41. Rc2 Rxc2 42. Nxc2 Bc4 43. Re7 b6 44. cxb6 a4 45. Rc7 Bb3 46. Na3 Rd8 47. b7 Be6 48. Nb5 a3 49. Nxa3 Rb8 50. d7 Kg5 51. Rc8 1-0


[Site "https://www.chess.com"]

[Event "Titled Tuesday Blitz August 1 Early 2023"]
[White "Willy, Stephen"]
[Black "Gyulamiryan-koryun"]
[WhiteFideId "30981468"]
[WhiteElo "2441"]
[BlackElo "2093"]
[Result "1-0"]
[Round "8"]
[TimeControl "180+1"]
[Date "2023.08.01"]
[WhiteClock "0:00:03"]
[BlackClock "0:00:02"]
[Board "149"]

1. d4 Nf6 2. Nc3 d5 3. Bf4 c6 4. e3 Bf5 5. f3 Nbd7 6. g4 Bg6 7. h4 h5 8. g5 Ng8 9. Nh3 e6 10. a3 Ne7 11. Bg3 Nf5 12. Bf2 Bd6 13. e4 dxe4 14. Nxe4 Bc7 15. Bd3 Nb6 16. c3 Nd5 17. Qd2 Qe7 18. O-O-O O-O 19. c4 Nb6 20. Nf4 Bxf4 21. Qxf4 Rfd8 22. Be2 Nd7 23. Ng3 Nxg3 24. Bxg3 c5 25. Qd6 Qxd6 26. Bxd6 cxd4 27. Rxd4 Nb6 28. Rhd1 Rac8 29. b3 Nd5 30. Bb4 Re8 31. Kb2 Ne3 32. R1d2 Nf5 33. Rf4 e5 34. Re4 Ng3 35. Re3 Nf5 36. Re4 Ng3 37. Re3 Nf5 38. Rc3 Nxh4 39. Rd7 Nf5 40. Rxb7 h4 41. Bf1 Nd4 42. Bh3 Rb8 43. Rxb8 Rxb8 44. Bd6 Re8 45. c5 Bf5 46. Bxf5 Nxf5 47. Bc7 h3 48. f4 exf4 49. Rxh3 Ng3 50. Bxf4 Ne2 51. Be3 f6 52. gxf6 gxf6 53. b4 Kf7 54. c6 Ke6 55. Bxa7 Nf4 56. Re3+ Kf7 57. Rxe8 Kxe8 58. b5 Nd5 59. b6 Kd8 60. Kb3 Kc8 61. Kc4 Ne7 62. b7+ Kc7 63. b8=Q+ Kxc6 64. Qe8+ Kb7 65. Qxe7+ Ka6 66. Bc5 f5 67. Qa7# 1-0


[Site "https://www.chess.com"]

[Event "Titled Tuesday Blitz August 1 Early 2023"]
[White "ilya2700"]
[Black "Schlecht, Daniel, Dr."]
[BlackFideId "4623959"]
[WhiteElo "2074"]
[BlackElo "2438"]
[Result "1-0"]
[Round "8"]
[TimeControl "180+1"]
[Date "2023.08.01"]
[WhiteClock "0:01:47"]
[BlackClock "0:00:50"]
[Board "150"]

1. d4 Nf6 2. c4 g6 3. Nc3 d5 4. cxd5 Nxd5 5. e4 Nxc3 6. bxc3 Bg7 7. Bc4 O-O 8. Ne2 c5 9. Be3 Nc6 10. O-O Qc7 11. f3 Rd8 12. Rc1 b6 13. Qb3 e6 14. Bd3 Na5 15. Qb2 Bb7 16. Rfd1 Rac8 17. h4 Qe7 18. h5 Bc6 19. h6 Bf8 20. Qd2 Ba4 21. Re1 Qc7 22. Bf4 Qd7 23. Be5 Bd6 24. Qf4 f5 25. exf5 exf5 26. Ng3 Nc6 27. Bc4+ Kf8 28. Bg7+ Qxg7 29. hxg7+ Kxg7 30. Nxf5+ 1-0


[Site "https://www.chess.com"]

[Event "Titled Tuesday Blitz August 1 Early 2023"]
[White "Voege, Tobias"]
[Black "Slavin, Alexey"]
[WhiteFideId "1270513"]
[BlackFideId "24104388"]
[WhiteElo "2632"]
[BlackElo "2360"]
[Result "1-0"]
[Round "8"]
[TimeControl "180+1"]
[Date "2023.08.01"]
[WhiteClock "0:00:18"]
[BlackClock "0:00:09"]
[Board "151"]

1. e4 Nc6 2. d4 d6 3. Nf3 Nf6 4. Nc3 Bg4 5. Be2 e5 6. d5 Ne7 7. Be3 Ng6 8. Qd2 Be7 9. h3 Bd7 10. O-O O-O 11. a3 a6 12. Nh2 h6 13. Ng4 Nh7 14. f4 exf4 15. Bxf4 Nxf4 16. Qxf4 Bg5 17. Qf2 Qe7 18. Kh1 Nf6 19. Nxf6+ Bxf6 20. Bd3 Be5 21. Rab1 Rae8 22. Nd1 g6 23. Qd2 Kh7 24. Ne3 Qh4 25. Rf3 Re7 26. Nc4 Bd4 27. c3 Bg7 28. Rbf1 Kg8 29. Na5 b6 30. Nc6 Ree8 31. Qf2 Qxf2 32. R3xf2 a5 33. Nd4 Re5 34. Nf3 Re7 35. g4 Rfe8 36. Kg2 Bf6 37. Kg3 Kg7 38. h4 Kg8 39. g5 Bg7 40. gxh6 Bxh6 41. Ng5 Bxg5 42. hxg5 Kg7 43. Rh1 Rh8 44. Rfh2 Rxh2 45. Rxh2 Re5 46. Kf4 Ba4 47. b4 axb4 48. axb4 Re8 49. Ra2 b5 50. Ra3 Rh8 51. Ke3 Rh3+ 52. Kd4 Rg3 53. Ra1 Rxg5 54. c4 bxc4 55. Bxc4 Bd7 56. Ra7 Rg4 57. Rxc7 Bf5 58. Bd3 Bxe4 59. Bxe4 Kf6 60. Ke3 Ke5 61. Rc4 f5 62. Bd3 Kxd5 63. Rxg4 fxg4 64. Kf4 Kd4 65. b5 Kc5 66. Kxg4 d5 67. Kg5 Kd4 68. b6 Kxd3 69. b7 1-0


[Site "https://www.chess.com"]

[Event "Titled Tuesday Blitz August 1 Early 2023"]
[White "Chor, Kevin"]
[Black "Shapiro, Daniel"]
[WhiteFideId "2090740"]
[BlackFideId "2001780"]
[WhiteElo "2522"]
[BlackElo "2359"]
[Result "1-0"]
[Round "8"]
[TimeControl "180+1"]
[Date "2023.08.01"]
[WhiteClock "0:00:25"]
[BlackClock "0:00:00"]
[Board "152"]

1. e4 e5 2. Nf3 Nc6 3. Bb5 a6 4. Ba4 Nf6 5. O-O Be7 6. Re1 b5 7. Bb3 d6 8. c3 O-O 9. d4 Bg4 10. Be3 d5 11. exd5 e4 12. dxc6 exf3 13. gxf3 Bh3 14. Nd2 Bd6 15. Bg5 Qc8 16. Ne4 Qf5 17. Bh4 Bf4 18. Bc2 Qg6+ 19. Bg3 Qh6 20. Qd3 Nh5 21. a4 f5 22. Nc5 Qxc6 23. Re6 Bd6 24. Rae1 Qd5 25. Bb3 1-0


[Site "https://www.chess.com"]

[Event "Titled Tuesday Blitz August 1 Early 2023"]
[White "Jegorovas, Aleksandras"]
[Black "Khamdamova, Afruza"]
[WhiteFideId "12801950"]
[BlackFideId "14210444"]
[WhiteElo "2353"]
[BlackElo "2487"]
[Result "0-1"]
[Round "8"]
[TimeControl "180+1"]
[Date "2023.08.01"]
[WhiteClock "0:00:13"]
[BlackClock "0:00:03"]
[Board "153"]

1. d4 Nf6 2. Bf4 d5 3. e3 c5 4. Nf3 Nc6 5. Nbd2 Qb6 6. dxc5 Qxb2 7. Rb1 Qc3 8. Bb5 e6 9. O-O Be7 10. Nd4 Bd7 11. Bxc6 bxc6 12. Bd6 Bxd6 13. cxd6 O-O 14. Rb7 Qc5 15. c4 Qxd6 16. e4 e5 17. f4 Bc8 18. fxe5 Qxe5 19. Nxc6 Qg5 20. Ne7+ Kh8 21. Nxc8 Raxc8 22. cxd5 Ng4 23. Rf3 Ne3 24. Qe2 Rc1+ 25. Nf1 Ng4 26. Rfxf7 Re8 27. Rxg7 Rxf1+ 28. Kxf1 Rf8+ 29. Ke1 Qc1+ 30. Qd1 Rf1+ 31. Kxf1 Qxd1# 0-1


[Site "https://www.chess.com"]

[Event "Titled Tuesday Blitz August 1 Early 2023"]
[White "Van den Dikkenberg, Erik"]
[Black "NicolaiMaxime"]
[WhiteFideId "1005880"]
[WhiteElo "2333"]
[BlackElo "2475"]
[Result "1-0"]
[Round "8"]
[TimeControl "180+1"]
[Date "2023.08.01"]
[WhiteClock "0:00:42"]
[BlackClock "0:01:20"]
[Board "154"]

1. e4 c5 2. Nc3 Nc6 3. f4 d6 4. Nf3 g6 5. Bb5 a6 6. Bxc6+ bxc6 7. O-O Bg7 8. d3 Nf6 9. Qe1 O-O 10. Qh4 e6 11. Kh1 Nh5 12. Qf2 a5 13. g4 Nf6 14. Qh4 a4 15. f5 exf5 16. gxf5 gxf5 17. Bg5 h6 18. Bxh6 Ng4 19. Bg5 f6 20. Bf4 d5 21. exf5 Bxf5 22. Rg1 Qd7 23. h3 Ne5 24. Bxe5 fxe5 25. Nxe5 Qd6 26. Rxg7+ Kxg7 27. Rg1+ Bg6 28. Rxg6+ Qxg6 29. Nxg6 Kxg6 30. Qg4+ Kh7 31. Qd7+ Kh8 32. Qxc6 Rf1+ 33. Kg2 Raf8 34. Qh6+ Kg8 35. Qg5+ Kh8 36. Qh4+ Kg8 37. Nxd5 R1f7 38. Ne7+ Kg7 39. Qg5+ Kh7 40. Qh5+ Kg7 41. Qg6+ Kh8 42. Qh6+ Rh7 43. Ng6+ Kg8 44. Qxf8# 1-0


[Site "https://www.chess.com"]

[Event "Titled Tuesday Blitz August 1 Early 2023"]
[White "Grossboss19"]
[Black "Acikel, Mert"]
[BlackFideId "12956465"]
[WhiteElo "2471"]
[BlackElo "2321"]
[Result "1-0"]
[Round "8"]
[TimeControl "180+1"]
[Date "2023.08.01"]
[WhiteClock "0:00:45"]
[BlackClock "0:00:34"]
[Board "155"]

1. e4 e5 2. Nf3 Nc6 3. Bb5 a6 4. Ba4 Nf6 5. O-O Be7 6. d3 b5 7. Bb3 d6 8. a4 Bd7 9. c3 O-O 10. h3 Rb8 11. Bc2 b4 12. Nbd2 Re8 13. Re1 Bf8 14. d4 g6 15. d5 Na5 16. cxb4 Rxb4 17. b3 c6 18. Ba3 Rb8 19. b4 Nb7 20. dxc6 Bxc6 21. Qe2 Qb6 22. Nc4 Qa7 23. Bc1 Nd8 24. Be3 Qe7 25. Bd2 Ne6 26. Na5 Ba8 27. Qxa6 Rec8 28. Rac1 Nd4 29. Nxd4 exd4 30. f3 Qe5 31. Bd3 Rxc1 32. Rxc1 d5 33. f4 Qe7 34. e5 Ne4 35. Be1 Nc3 36. b5 Qa3 37. Bd2 Bb4 38. Nc6 Bxc6 39. bxc6 Qb2 40. Rc2 Qa1+ 41. Kh2 Qxa4 42. Qxa4 Nxa4 43. c7 1-0


[Site "https://www.chess.com"]

[Event "Titled Tuesday Blitz August 1 Early 2023"]
[White "Carrasco Miranda, Andres"]
[Black "Antonio, Jorge Carlos"]
[WhiteFideId "3405990"]
[BlackFideId "113190"]
[WhiteElo "2446"]
[BlackElo "2316"]
[Result "1/2-1/2"]
[Round "8"]
[TimeControl "180+1"]
[Date "2023.08.01"]
[WhiteClock "0:01:17"]
[BlackClock "0:01:26"]
[Board "156"]

1. d4 d5 2. c4 c6 3. Nf3 dxc4 4. e3 b5 5. a4 e6 6. axb5 cxb5 7. b3 Nf6 8. bxc4 bxc4 9. Bxc4 Be7 10. O-O O-O 11. Bd3 a5 12. Ba3 Nc6 13. Bxe7 Qxe7 14. Nbd2 Nb4 15. Bb1 Bb7 16. Ne5 Rfc8 17. Nb3 Nd7 18. Nxd7 Qxd7 19. Nc5 Qe7 20. Nxb7 Qxb7 21. Qg4 Nd5 22. Qe4 g6 23. Ba2 a4 24. h4 Qc6 25. h5 Nc3 26. Qh4 1/2-1/2


[Site "https://www.chess.com"]

[Event "Titled Tuesday Blitz August 1 Early 2023"]
[White "favesaul"]
[Black "Ai, Evan"]
[BlackFideId "2094770"]
[WhiteElo "2445"]
[BlackElo "2314"]
[Result "1-0"]
[Round "8"]
[TimeControl "180+1"]
[Date "2023.08.01"]
[WhiteClock "0:00:37"]
[BlackClock "0:00:02"]
[Board "157"]

1. e4 c5 2. Nf3 d6 3. d4 cxd4 4. Nxd4 Nf6 5. Nc3 a6 6. Bc4 e6 7. Be3 Qc7 8. Bb3 Be7 9. Qe2 b5 10. O-O-O Nc6 11. f3 O-O 12. g4 Bd7 13. h4 Nxd4 14. Bxd4 Rab8 15. e5 Ne8 16. exd6 Bxd6 17. Ne4 Bf4+ 18. Kb1 a5 19. c3 a4 20. Bc2 Nd6 21. Ng5 h6 22. Ne4 Nc4 23. g5 b4 24. cxb4 Rxb4 25. Ka1 Rfb8 26. Nf6+ gxf6 27. gxf6 Qb7 28. Qg2+ Bg5 29. hxg5 h5 30. g6 Kf8 31. gxf7 1-0


[Site "https://www.chess.com"]

[Event "Titled Tuesday Blitz August 1 Early 2023"]
[White "GAO"]
[Black "Ferro, Mario"]
[BlackFideId "810290"]
[WhiteElo "2428"]
[BlackElo "2298"]
[Result "0-1"]
[Round "8"]
[TimeControl "180+1"]
[Date "2023.08.01"]
[WhiteClock "0:00:46"]
[BlackClock "0:00:33"]
[Board "158"]

1. a3 b6 2. e4 Bb7 3. Nc3 e6 4. d4 c5 5. d5 d6 6. Bc4 e5 7. Nge2 g6 8. h4 h5 9. Bg5 f6 10. Be3 Ne7 11. f3 Bg7 12. Qd2 a6 13. a4 Nd7 14. f4 f5 15. O-O-O Qc7 16. fxe5 Nxe5 17. Ba2 O-O-O 18. Nf4 Qd7 19. Ne6 Rdg8 20. Kb1 Ng4 21. Bg5 Be5 22. Bc4 Kb8 23. Qe2 Ka7 24. Rhf1 Bxc3 25. bxc3 fxe4 26. Rf7 Re8 27. Ng7 Ne5 28. Nxe8 Nxf7 29. Nf6 Qxa4 30. Bb3 Qb5 31. Qxb5 axb5 32. Nxe4 Nf5 33. c4 b4 34. Kb2 Re8 35. Nf6 Re2 36. Nd7 Nxg5 37. hxg5 Ne3 38. Ra1+ Ba6 39. Nf8 Kb7 40. Nxg6 Bxc4 41. Nf4 Rf2 42. Nxh5 Bxb3 43. Kxb3 Nxc2 44. Rh1 b5 45. g6 Nd4# 0-1


[Site "https://www.chess.com"]

[Event "Titled Tuesday Blitz August 1 Early 2023"]
[White "Necromon"]
[Black "Ziatdinov, Raset"]
[BlackFideId "2015323"]
[WhiteElo "2428"]
[BlackElo "2294"]
[Result "1-0"]
[Round "8"]
[TimeControl "180+1"]
[Date "2023.08.01"]
[WhiteClock "0:01:36"]
[BlackClock "0:01:08"]
[Board "159"]

1. Nf3 Nf6 2. b3 g6 3. Bb2 Bg7 4. g3 O-O 5. Bg2 d6 6. c4 Nc6 7. d4 e5 8. dxe5 Ng4 9. O-O dxe5 10. Nc3 f5 11. Qd5+ Qxd5 12. Nxd5 Rf7 13. Ng5 e4 14. Nxf7 Bxb2 15. Rab1 Bg7 16. h3 Nge5 17. Nxc7 Rb8 18. Nxe5 Nxe5 19. Rfd1 Nc6 20. b4 a6 21. b5 Nd4 22. e3 Ne2+ 23. Kf1 Nc3 24. Rd8+ Kf7 25. bxa6 Be5 26. a7 Bxc7 27. axb8=Q Bxb8 28. Rxc8 1-0


[Site "https://www.chess.com"]

[Event "Titled Tuesday Blitz August 1 Early 2023"]
[White "Cheer_Down"]
[Black "Barwinska, Ewa"]
[BlackFideId "21833761"]
[WhiteElo "2409"]
[BlackElo "2290"]
[Result "1-0"]
[Round "8"]
[TimeControl "180+1"]
[Date "2023.08.01"]
[WhiteClock "0:02:20"]
[BlackClock "0:01:48"]
[Board "160"]

1. e4 c5 2. Nf3 Nc6 3. Bb5 g6 4. O-O Bg7 5. Re1 e6 6. c3 Nge7 7. d4 cxd4 8. cxd4 d5 9. e5 a6 10. Bd3 Qb6 11. Nc3 Nxd4 12. Nxd4 O-O 13. Nf3 Qc7 14. Bf4 b5 15. Rc1 Qb6 16. Be3 Qb8 17. Bc5 Re8 18. Bd6 Qb7 19. Ne2 Bd7 20. Rc7 1-0


[Site "https://www.chess.com"]

[Event "Titled Tuesday Blitz August 1 Early 2023"]
[White "Schut, Han"]
[Black "Bouget, Alexandre"]
[WhiteFideId "1005561"]
[BlackFideId "681318"]
[WhiteElo "2273"]
[BlackElo "2404"]
[Result "0-1"]
[Round "8"]
[TimeControl "180+1"]
[Date "2023.08.01"]
[WhiteClock "0:00:02"]
[BlackClock "0:00:40"]
[Board "161"]

1. e4 g6 2. d4 Bg7 3. Nc3 d6 4. f4 a6 5. Nf3 b5 6. Bd3 Nd7 7. e5 c5 8. Ne4 c4 9. Bf1 Bb7 10. Qe2 d5 11. Nf2 e6 12. g4 h5 13. h3 Ne7 14. Bd2 Qb6 15. c3 a5 16. Bg2 b4 17. Ng5 Nf8 18. O-O Nc6 19. Bf3 hxg4 20. hxg4 Bc8 21. Bg2 a4 22. cxb4 Nxb4 23. Bxb4 Qxb4 24. Nd1 a3 25. Rb1 Qb6 26. Qd2 Nd7 27. f5 Bxe5 28. fxg6 Qxd4+ 29. Qxd4 Bxd4+ 30. Rf2 Ne5 31. gxf7+ Nxf7 32. Nxf7 Bxf2+ 33. Kxf2 Kxf7 34. bxa3 Rxa3 35. Ne3 Rxa2+ 36. Kg3 Ra3 37. Kf2 Ke7 38. Re1 Rf8+ 39. Ke2 Ra2+ 40. Kd1 Kd6 41. Nc2 Rxc2 42. Kxc2 Rf2+ 43. Re2 Rxe2+ 0-1


[Site "https://www.chess.com"]

[Event "Titled Tuesday Blitz August 1 Early 2023"]
[White "Pershina, Elena"]
[Black "Vaglio Munoz, Jaime"]
[WhiteFideId "24147516"]
[BlackFideId "6500145"]
[WhiteElo "2392"]
[BlackElo "2269"]
[Result "1/2-1/2"]
[Round "8"]
[TimeControl "180+1"]
[Date "2023.08.01"]
[WhiteClock "0:00:17"]
[BlackClock "0:01:12"]
[Board "162"]

1. c4 c6 2. g3 b5 3. cxb5 cxb5 4. Bg2 Nc6 5. Nf3 Rb8 6. O-O g6 7. d4 Bg7 8. d5 Ne5 9. d6 Nxf3+ 10. exf3 e6 11. Nc3 Nf6 12. Bg5 h6 13. Bf4 b4 14. Ne4 Nd5 15. Qd2 Qb6 16. Rfe1 f5 17. Qxd5 exd5 18. Nf6+ Kf7 19. Re7+ Kf8 20. Re8+ Kf7 21. Re7+ Kf8 22. Re8+ Kf7 23. Re7+ 1/2-1/2


[Site "https://www.chess.com"]

[Event "Titled Tuesday Blitz August 1 Early 2023"]
[White "Tymrakiewicz, Rafal"]
[Black "Putri, Regita Desyari"]
[WhiteFideId "1108832"]
[BlackFideId "7109083"]
[WhiteElo "2391"]
[BlackElo "2240"]
[Result "0-1"]
[Round "8"]
[TimeControl "180+1"]
[Date "2023.08.01"]
[WhiteClock "0:00:00"]
[BlackClock "0:00:19"]
[Board "163"]

1. e4 e5 2. d4 exd4 3. c3 dxc3 4. Nxc3 Nc6 5. Bc4 Nf6 6. Qb3 Ne5 7. Nf3 Nxc4 8. Qxc4 d6 9. Bg5 Be6 10. Qb5+ Bd7 11. Qxb7 Be7 12. O-O-O O-O 13. e5 Ng4 14. Bxe7 Qxe7 15. Qxc7 Nxf2 16. Rxd6 Nxh1 17. Rxd7 Qb4 18. Nd5 Qe4 19. Qc2 Qxc2+ 20. Kxc2 Nf2 21. Ng5 h6 22. Nf3 Ne4 23. Ne7+ Kh7 24. Nf5 Nc5 25. Rc7 Ne6 26. Re7 Rac8+ 27. Kb1 a5 28. Nd6 Rc7 0-1


[Site "https://www.chess.com"]

[Event "Titled Tuesday Blitz August 1 Early 2023"]
[White "Ventura Bolet, Maxim"]
[Black "UgarteCesar"]
[WhiteFideId "22238824"]
[WhiteElo "2390"]
[BlackElo "2220"]
[Result "1/2-1/2"]
[Round "8"]
[TimeControl "180+1"]
[Date "2023.08.01"]
[WhiteClock "0:01:05"]
[BlackClock "0:01:03"]
[Board "164"]

1. Nf3 d5 2. g3 Nf6 3. Bg2 e6 4. c4 Nbd7 5. b3 a5 6. Nc3 c6 7. Bb2 Be7 8. O-O O-O 9. d4 b6 10. Nd2 Bb7 11. e4 dxe4 12. Ndxe4 Qb8 13. Ng5 h6 14. Nh3 Rd8 15. Re1 Bf8 16. Qc2 c5 17. d5 exd5 18. cxd5 Ne5 19. Rad1 c4 20. Rxe5 cxb3 21. Qxb3 Qxe5 22. Ne4 Qf5 23. Nxf6+ gxf6 24. Nf4 Bc5 25. Bh3 Qe4 26. Bg2 Qf5 27. Bh3 Qe4 28. Bg2 Qf5 1/2-1/2


[Site "https://www.chess.com"]

[Event "Titled Tuesday Blitz August 1 Early 2023"]
[White "sterpfi"]
[Black "Rodriguez Fontecha, Marcos"]
[BlackFideId "2256576"]
[WhiteElo "2209"]
[BlackElo "2388"]
[Result "0-1"]
[Round "8"]
[TimeControl "180+1"]
[Date "2023.08.01"]
[WhiteClock "0:00:18"]
[BlackClock "0:00:07"]
[Board "165"]

1. e4 e6 2. d4 d5 3. exd5 exd5 4. Nf3 c5 5. Bb5+ Nc6 6. O-O Be7 7. Nc3 Nf6 8. Ne5 Bd7 9. Nxd7 Qxd7 10. dxc5 h6 11. Be3 O-O 12. Ne2 Ne4 13. b4 Bf6 14. Rb1 Rfd8 15. Bxc6 bxc6 16. Bd4 a5 17. Bxf6 Nxf6 18. a3 axb4 19. axb4 Ra2 20. Nd4 Ne4 21. Qd3 Rda8 22. Rfe1 R8a6 23. g3 Qh3 24. b5 cxb5 25. Rxb5 g6 26. c6 Ra1 27. Rbb1 R1a3 28. Qf1 Qc8 29. Rb5 Rxc6 30. Nxc6 Qxc6 31. Rb8+ Kg7 32. Qb5 Qf6 33. Qb2 Rc3 34. Rf1 d4 35. Rb6 Qf5 36. Rb8 Nd2 37. Qb4 Nxf1 38. Qf8+ Kf6 39. Rb6+ Kg5 40. Qe7+ Kh5 41. Qe2+ Qg4 42. Qxf1 Rf3 43. h3 Qe4 44. g4+ Kh4 45. Rb1 Qf4 46. Qg2 h5 47. Re1 Rxh3 48. f3 Rg3 49. Kf2 Rxg2+ 50. Kxg2 Qg3+ 51. Kf1 Qxf3+ 52. Kg1 Qg3+ 53. Kf1 Kh3 54. Re2 Qf3+ 55. Ke1 Qh1+ 56. Kd2 Qd5 57. Kd3 Kxg4 58. Re4+ Kf5 59. Rxd4 Qb5+ 60. Kc3 Qc5+ 61. Kd3 h4 62. Rc4 Qd5+ 63. Rd4 Qf3+ 64. Kc4 h3 65. c3 Qf1+ 66. Kc5 h2 67. Rd5+ Ke6 68. Rd4 Qc1 69. Re4+ Kf6 70. Rf4+ Qxf4 71. c4 Qxc4+ 72. Kb6 h1=Q 73. Ka7 Qa1+ 74. Kb6 Qb1+ 75. Ka5 Qca2# 0-1


[Site "https://www.chess.com"]

[Event "Titled Tuesday Blitz August 1 Early 2023"]
[White "Amanov, Zhanibek"]
[Black "cycygogne"]
[WhiteFideId "13700189"]
[WhiteElo "2378"]
[BlackElo "2168"]
[Result "0-1"]
[Round "8"]
[TimeControl "180+1"]
[Date "2023.08.01"]
[WhiteClock "0:01:57"]
[BlackClock "0:02:09"]
[Board "166"]

1. e4 d5 2. exd5 Qxd5 3. Nc3 Qd6 4. d4 Nf6 5. Nf3 Bg4 6. Bd3 a6 7. Ne4 Nxe4 8. Bxe4 e6 9. h3 Bh5 10. Bxb7 Qb4+ 11. Bd2 Qxb7 12. b3 Bxf3 13. gxf3 Nc6 14. d5 exd5 15. O-O O-O-O 16. b4 Ne5 17. Bf4 Bd6 18. Bxe5 Bxe5 19. f4 Bxa1 20. Qxa1 Rhe8 21. Kh1 Re6 22. Qxg7 d4+ 23. Kh2 Rg6 0-1


[Site "https://www.chess.com"]

[Event "Titled Tuesday Blitz August 1 Early 2023"]
[White "Warchol, Kamil"]
[Black "Porter, Ryan W"]
[WhiteFideId "21858241"]
[BlackFideId "2011239"]
[WhiteElo "2266"]
[BlackElo "2517"]
[Result "1-0"]
[Round "8"]
[TimeControl "180+1"]
[Date "2023.08.01"]
[WhiteClock "0:00:07"]
[BlackClock "0:00:00"]
[Board "167"]

1. e4 d5 2. exd5 c6 3. dxc6 Nxc6 4. Nf3 e5 5. Bb5 Bd6 6. d3 Ne7 7. O-O O-O 8. Nbd2 Bg4 9. h3 Bh5 10. Re1 f5 11. Nc4 Bc7 12. Bd2 Nd4 13. Na3 Bxf3 14. gxf3 Nxb5 15. Nxb5 Ng6 16. f4 exf4 17. Qf3 a6 18. Nxc7 Qxc7 19. c3 Rae8 20. d4 Re4 21. Rxe4 fxe4 22. Qxe4 f3 23. Re1 Kh8 24. Kh1 Qd7 25. Kh2 Qb5 26. b3 Qh5 27. Qg4 Qd5 28. Qe6 Qd8 29. Bc1 Qc7+ 30. Kh1 Qxc3 31. Ba3 Rg8 32. d5 Nf4 33. Qe3 Nxd5 34. Qxc3 Nxc3 35. Re7 b5 36. Bb2 Nxa2 37. Rf7 b4 38. Rxf3 Rc8 39. Rf7 Nc3 40. Ra7 Kg8 41. Rxa6 Nd1 42. Bd4 Rd8 43. Bc5 Rd3 44. Bxb4 Nxf2+ 45. Kg2 Nxh3 46. Ra8+ Kf7 47. Ra7+ Kg6 48. Ra6+ Kh5 49. Bf8 g6 50. b4 Nf4+ 51. Kf2 Nd5 52. b5 1-0


[Site "https://www.chess.com"]

[Event "Titled Tuesday Blitz August 1 Early 2023"]
[White "Girya, Olga"]
[Black "Joshi, Pankaj"]
[WhiteFideId "4195752"]
[BlackFideId "5006210"]
[WhiteElo "2468"]
[BlackElo "2266"]
[Result "1-0"]
[Round "8"]
[TimeControl "180+1"]
[Date "2023.08.01"]
[WhiteClock "0:00:15"]
[BlackClock "0:00:09"]
[Board "168"]

1. d4 Nf6 2. Nf3 g6 3. Bg5 Bg7 4. Nbd2 d5 5. Bxf6 Bxf6 6. e4 dxe4 7. Nxe4 Bg7 8. Bc4 O-O 9. c3 Nc6 10. O-O e5 11. dxe5 Qxd1 12. Raxd1 Bg4 13. Neg5 h6 14. h3 Bxf3 15. Nxf3 Nxe5 16. Nxe5 Bxe5 17. Rd7 Rad8 18. Rfd1 Bd6 19. Bxf7+ Kg7 20. Rxd8 Rxd8 21. Bb3 c5 22. g3 b5 23. Re1 c4 24. Bc2 Kf6 25. h4 Bc5 26. Re2 a5 27. Kg2 h5 28. Be4 b4 29. Bc6 Rd1 30. Bb5 b3 31. Bxc4 bxa2 32. Bxa2 a4 33. Bc4 Rb1 34. Bd5 a3 35. bxa3 Bxa3 36. Re6+ Kg7 37. Rc6 Rc1 38. Be4 Bb2 39. c4 Bf6 40. c5 g5 41. hxg5 Bxg5 42. Rg6+ 1-0


[Site "https://www.chess.com"]

[Event "Titled Tuesday Blitz August 1 Early 2023"]
[White "Zaichenko, Daria"]
[Black "Khromkin, Andrey"]
[WhiteFideId "4197453"]
[BlackFideId "4154126"]
[WhiteElo "2262"]
[BlackElo "2442"]
[Result "0-1"]
[Round "8"]
[TimeControl "180+1"]
[Date "2023.08.01"]
[WhiteClock "0:00:27"]
[BlackClock "0:00:16"]
[Board "169"]

1. e4 c5 2. Nf3 Nc6 3. d4 cxd4 4. Nxd4 g6 5. Nc3 Bg7 6. Be3 Nf6 7. Be2 O-O 8. O-O d5 9. exd5 Nxd5 10. Nxd5 Nxd4 11. Bxd4 Qxd5 12. Bxg7 Qxd1 13. Raxd1 Kxg7 14. Bf3 Bf5 15. c3 Rac8 16. Rd4 Rc7 17. Rfd1 Kf6 18. g4 Bc8 19. h4 h6 20. Kg2 e5 21. Rd6+ Ke7 22. Kg3 Be6 23. a3 f5 24. gxf5 gxf5 25. Be2 Rg8+ 26. Kf3 Rg4 27. h5 Rh4 28. Kg3 Rf4 29. Rd8 Kf6 30. R1d6 Rg7+ 31. Kh3 b5 32. Bxb5 Rf3+ 33. Kh2 Rxf2+ 34. Kh1 Rf4 35. Rd2 Rh4+ 36. Rh2 Rxh2+ 37. Kxh2 f4 38. c4 f3 39. Rd1 e4 40. Rf1 Rg2+ 41. Kh1 Rxb2 42. Kg1 Kg5 43. c5 Rxb5 0-1


[Site "https://www.chess.com"]

[Event "Titled Tuesday Blitz August 1 Early 2023"]
[White "Smietanska, Wiktoria"]
[Black "Stachanczyk, Jacek"]
[WhiteFideId "21869359"]
[BlackFideId "1116657"]
[WhiteElo "2260"]
[BlackElo "2416"]
[Result "1/2-1/2"]
[Round "8"]
[TimeControl "180+1"]
[Date "2023.08.01"]
[WhiteClock "0:00:05"]
[BlackClock "0:00:08"]
[Board "170"]

1. c4 c6 2. Nf3 d5 3. e3 Nf6 4. b3 Bf5 5. Bb2 Nbd7 6. Nc3 e6 7. d4 Bd6 8. Be2 O-O 9. Nh4 Bg6 10. Nxg6 hxg6 11. O-O Qe7 12. Bf3 Ba3 13. Bxa3 Qxa3 14. Qc2 Rfe8 15. e4 dxe4 16. Nxe4 Nxe4 17. Qxe4 Rad8 18. h4 e5 19. dxe5 Rxe5 20. Qf4 Rde8 21. Rad1 Nf6 22. Rd2 a5 23. Rfd1 a4 24. bxa4 Qxa4 25. Rd8 Qa5 26. Rxe8+ Rxe8 27. Rd2 Qc3 28. Re2 Rxe2 29. Bxe2 Qa1+ 30. Bf1 Qxa2 31. Qb8+ Kh7 32. Qxb7 Qa4 33. Qxf7 Qd1 34. Qe6 c5 35. Qe5 Qd4 36. Qxd4 cxd4 37. Bd3 Kg8 38. Kf1 Kf8 39. Bxg6 Ke7 40. Ke2 Kd6 41. Bd3 Kc5 42. g4 Nd7 43. f3 Ne5 44. g5 Kd6 45. h5 Ke6 46. f4 Nd7 47. f5+ Ke5 48. h6 gxh6 49. gxh6 Kf6 50. h7 Kg7 51. Kf3 Kxh7 52. Ke4 Kg7 53. Kxd4 Kf6 54. Kd5 Nb6+ 55. Kc6 Nxc4 56. Bxc4 Kxf5 1/2-1/2


[Site "https://www.chess.com"]